[Event "Early-Titled-Tuesday-Blitz-October-03-2023"]
[Site "Chess.com"]
[Date "2023.10.03"]
[Round "3"]
[White "dadice10"]
[Black "Zq1"]
[Result "0-1"]
[WhiteElo "2166"]
[BlackElo "2520"]
[TimeControl "180+1"]
[EndTime "8:28:38 PDT"]
[Termination "Zq1 won on time"]

1. e4 c5 2. Nc3 g6 3. d4 cxd4 4.
Qxd4 Nf6 5. Be3 Nc6 6. Qd2 d6 7. f3 Bg7 8. Nge2 Bd7 9. Nf4 Rc8 10. h4 h5 11. O-O-O b6 12. Ba6 Rb8 13. Bb5 Ne5 14. b3 Bxb5 15. Nxb5 a6 16. Nd4 b5 17. Kb1 b4 18. Nd5 Nxd5 19. exd5 Qc7 20. f4 Ng4 21. Nc6 Rb5 22. Rhe1 Bc3 23. Qd3 Bxe1 24. Rxe1 O-O 25. Bc1 e6 26. Bb2 Rxd5 27. Ne7+ Qxe7 28. Qxd5 Qxh4 29. Qd1 Qf2 30. a3 a5 31. axb4 axb4 32. Rf1 Ne3 33. Rxf2 Nxd1 34. Rd2 Nxb2 35. Rxd6 Nc4 36.
bxc4 Rc8 37. Rd4 Kf8 38. Kb2 Ke7 39. Kb3 h4 40. Kxb4 Rb8+ 41. Kc3 Rc8 42. Kb4 f6 0-1

[Event "Early-Titled-Tuesday-Blitz-October-03-2023"]
[Site "Chess.com"]
[Date "2023.10.03"]
[Round "3"]
[White "CheckThis4"]
[Black "rasmussvane"]
[Result "0-1"]
[WhiteElo "2693"]
[BlackElo "2963"]
[TimeControl "180+1"]
[EndTime "8:28:39 PDT"]
[Termination "rasmussvane won by resignation"]

1. d4 d5 2. c4 e6 3. Nc3 h6 4.
Nf3 a6 5. cxd5 exd5 6. Bf4 Nf6 7. e3 Bd6 8. Bd3 Bxf4 9. exf4 Bg4 10. O-O O-O 11.
h3 Bxf3 12. Qxf3 Nc6 13. Ne2 Re8 14. Rad1 Qd6 15. a3 Re7 16. Bb1 Rae8 17. Ng3 g6 18. h4 h5 19. f5 Ng4 20. Ba2 Qf6 21. Qf4 Qxh4 22. Nh1 g5 23. Qg3 Qxg3 24. Nxg3 Nf6 25. f4 g4 26. Rf2 h4 27. Nf1 Re1 28. Rfd2 g3 29. Bb3 Kg7 30. Rd3 Kh6 31. Bc2 Kh5 32. Rxe1 Rxe1 33. Rd1 Rxd1 34. Bxd1+ Kh6 35. Ne3 Nxd4 36.
Kf1 c6 37. Ke1 Ne4 38. Ng4+ Kg7 39. Ne5 h3 40. f6+ Kxf6 41. Ng4+ Kg7 42. gxh3 g2 0-1

[Event "Early-Titled-Tuesday-Blitz-October-03-2023"]
[Site "Chess.com"]
[Date "2023.10.03"]
[Round "3"]
[White "Nbk90"]
[Black "guillembaches"]
[Result "0-1"]
[WhiteElo "2115"]
[BlackElo "2514"]
[TimeControl "180+1"]
[EndTime "8:28:42 PDT"]
[Termination "guillembaches won by resignation"]

1. e4 d5 2. exd5 Qxd5 3. Nc3 Qa5 4. d4 Nf6 5. Nf3 Bf5 6. Bc4 e6 7. Bd2 Bb4 8. a3 Bxc3 9. Bxc3 Qb6 10. O-O Nc6 11. b4 O-O-O 12. Qe2 Bg4 13. Rad1 Bxf3 14. Qxf3 Nxd4 15. Qd3 Nb5 16. Qg3 Ne4 17. Qxg7 Nbxc3 18. Rxd8+ Rxd8 19. Qxf7 Nd5 20. Bd3 Nef6 21. Bxh7 Nxh7 22. Qxh7 Qd4 23. Qf7 Qf6 24. Qh5 Rh8 25. Qe2 Nf4 26. Qf3 Qe5 27. h3 Rg8 28. g4 Rh8 29. Qe3 Nxh3+ 30.
Kg2 Nf4+ 31. Kf3 0-1

[Event "Early-Titled-Tuesday-Blitz-October-03-2023"]
[Site "Chess.com"]
[Date "2023.10.03"]
[Round "3"]
[White "Krakozia"]
[Black "ActorXu"]
[Result "1-0"]
[WhiteElo "3032"]
[BlackElo "2716"]
[TimeControl "180+1"]
[EndTime "8:28:44 PDT"]
[Termination "Krakozia won by resignation"]

1. Nf3 d5 2. g3 Nf6 3. Bg2 e6 4. O-O Be7 5. c4 O-O 6. cxd5 exd5 7. b3 h6 8. Bb2 Bf5 9. Nc3 c6 10. d3 Nbd7 11. Re1 Nc5 12. b4 Ne6 13. e4 dxe4 14.
dxe4 Bg4 15. a3 a5 16. b5 Qb6 17. e5 Rfd8 18. Qb1 Nd5 19. bxc6 bxc6 20. Qc1 Bxf3 21. Bxf3 Nd4 22. Bd1 Bg5 23. Nxd5 Rxd5 24. Bxd4 Qxd4 25. Qxc6 Qxa1 26. Qxd5 Rd8 27. Qxf7+ Kh8 28. Qf3 Be7 29. Qe2 Bxa3 30. Bc2 Qd4 31. Rd1 Bc5 32. Rxd4 Bxd4 33. Qe4 Kg8 34. e6 Kf8 35. e7+ 1-0

[Event "Early-Titled-Tuesday-Blitz-October-03-2023"]
[Site "Chess.com"]
[Date "2023.10.03"]
[Round "3"]
[White "LaPiToB"]
[Black "carokannlover213"]
[Result "0-1"]
[WhiteElo "2294"]
[BlackElo "2754"]
[TimeControl "180+1"]
[EndTime "8:28:45 PDT"]
[Termination "carokannlover213 won by resignation"]

1. d4 Nf6 2. c4 g6 3. Nc3 Bg7 4. e4 O-O 5. Be2 c5 6. d5 e6 7. Bg5 h6 8. Be3 exd5 9. exd5 d6 10. h3 Re8 11. Qd2 Kh7 12. Nf3 Bf5 13. O-O Ne4 14.
Nxe4 Bxe4 15. Ne1 Qb6 16. Nd3 Nd7 17. Rad1 Qa6 18. b3 Qb6 19. f3 Bxd3 20. Qxd3 Rxe3 21. Qxe3 Bd4 22. Rxd4 cxd4 23. Qe7 d3+ 24. Kh2 dxe2 25. Re1 Kg7 26. Rxe2 Nf6 27. Re6 Qd4 28. Rxd6 Qf4+ 29.
Kg1 Re8 30. Rxf6 Qc1+ 31. Kh2 Rxe7 32. d6 Kxf6 33. dxe7 Kxe7 34. Kg3 Qe3 35. h4 Qc5 36. Kh2 Qc7+ 37. Kg1 Ke6 38. Kf2 Kf5 39. g3 Ke5 40. g4 Kd4 41. h5 Qf4 42. hxg6 fxg6 43. Kg2 h5 44. Kh3 hxg4+ 45. fxg4 g5 0-1

[Event "Early-Titled-Tuesday-Blitz-October-03-2023"]
[Site "Chess.com"]
[Date "2023.10.03"]
[Round "3"]
[White "Man-Chuk"]
[Black "brm72"]
[Result "1-0"]
[WhiteElo "2788"]
[BlackElo "2500"]
[TimeControl "180+1"]
[EndTime "8:28:45 PDT"]
[Termination "Man-Chuk won on time"]

1. e4 c5 2. Nf3 d6 3. Bb5+ Nd7 4.
O-O a6 5. Bd3 Ngf6 6. Re1 b5 7.
c3 c4 8. Bc2 g6 9. b3 Bg7 10. Na3 Qc7 11. Qe2 Nb6 12. e5 dxe5 13.
Qxe5 Qxe5 14. Nxe5 cxb3 15. axb3 O-O 16. d4 Bb7 17. c4 Rfd8 18. Be3 b4 19. Nb1 Be4 20. Bxe4 Nxe4 21. Nc6 Re8 22. f3 Nc3 23. Nxb4 Nxb1 24.
Rexb1 a5 25. Nc6 a4 26. bxa4 Nxc4 27. Bf2 Ra6 28. Nb4 Ra5 29. Ra2 Rea8 30. Nc6 R5a6 31. Nxe7+ Kf8 32. Nd5 R6a7 33. Rb4 Na5 34. Rc2 Rd8 35.
Nb6 Rb7 36. d5 1-0

[Event "Early-Titled-Tuesday-Blitz-October-03-2023"]
[Site "Chess.com"]
[Date "2023.10.03"]
[Round "3"]
[White "Arifarsky"]
[Black "CrushingKings"]
[Result "0-1"]
[WhiteElo "2793"]
[BlackElo "2519"]
[TimeControl "180+1"]
[EndTime "8:28:46 PDT"]
[Termination "CrushingKings won by resignation"]

1. d4 g6 2. e4 Bg7 3. c3 c6 4. Nf3 d5 5. Bd3 dxe4 6. Bxe4 Nf6 7. Bc2 O-O 8. O-O Bg4 9. h3 Bxf3 10. Qxf3 Nfd7 11.
Re1 e5 12. dxe5 Nxe5 13. Qg3 Nbd7 14. Na3 Qb6 15. Bb3 Qa6 16. Bf4 Rae8 17. Rad1 b5 18. Re4 c5 19. c4 b4 20. Nb5 Qc6 21. Rd5 a6 22. Nd6 Re6 23. Bxe5 Nxe5 24. f4 Nxc4 25. Bxc4 Rxd6 26. Qd3 Bd4+ 27. Rexd4 cxd4 28. Qxd4 Rxd5 29. Bxd5 Qd7 30. Qc4 Rd8 31. Bf3 Qd4+ 32. Qxd4 Rxd4 33. g3 Rd2 0-1

[Event "Early-Titled-Tuesday-Blitz-October-03-2023"]
[Site "Chess.com"]
[Date "2023.10.03"]
[Round "3"]
[White "Maus7"]
[Black "Zurability"]
[Result "0-1"]
[WhiteElo "2476"]
[BlackElo "2724"]
[TimeControl "180+1"]
[EndTime "8:28:46 PDT"]
[Termination "Zurability won on time"]

1. e4 c5 2. Nf3 d6 3. d4 cxd4 4. Nxd4 Nf6 5. Nc3 g6 6. Be3 Bg7 7. f3 a6 8. Qd2 Nbd7 9. O-O-O b5 10. Bh6 Bxh6 11. Qxh6 Bb7 12. h4 Rc8 13. Nce2 Ne5 14. Kb1 Qc7 15. Rc1 d5 16. exd5 Bxd5 17. Nc3 Bc4 18. h5 Nxh5 19. Bxc4 Nxc4 20. Rxh5 gxh5 21. Re1 Rg8 22. Nd5 Qd6 23. Qxd6 Nxd6 24. Nxe7 Kd7 25. Nxg8 Rxg8 26. Rg1 h4 27. Ne2 Nf5 28. Kc1 Ne3 29. Kd2 Nxg2 30. Nf4 Rg3 31. Rxg2 Rxg2+ 32. Nxg2 h3 33. Ke2 h2 0-1

[Event "Early-Titled-Tuesday-Blitz-October-03-2023"]
[Site "Chess.com"]
[Date "2023.10.03"]
[Round "3"]
[White "stasOR4ik"]
[Black "curradogianfigliazzi"]
[Result "0-1"]
[WhiteElo "2434"]
[BlackElo "2260"]
[TimeControl "180+1"]
[EndTime "8:28:46 PDT"]
[Termination "curradogianfigliazzi won by resignation"]

1. e4 c5 2. c3 g6 3. d4 cxd4 4. cxd4 d5 5. e5 Nc6 6. Nc3 Bg7 7. f4 Nh6 8. Nf3 Bg4 9. Be3 Nf5 10. Bf2 Bxf3 11. Qxf3 Ncxd4 12. Qd3 Nc6 13. O-O-O e6 14. g4 Nfe7 15. Rg1 Qa5 16. Kb1 O-O-O 17. Nb5 Kb8 18.
Bc5 Nc8 19. Qb3 a6 20. Bd6+ Nxd6 21. Nxd6 Qc7 22. Bxa6 Na5 23. Qb4 Rd7 24. Rc1 Nc6 25.
Qb5 Bf8 26. Bxb7 Na7 27. Qxd7 Qxd7 28. Ba6 Bxd6 29. exd6 Qxd6 30. Bd3 Nc6 31. Rc2 Nb4 32. Rc3 Nxd3 33. Rxd3 Rc8 34. Rgg3 Qxf4 35. a3 Qc1+ 36. Ka2 Qc4+ 37. Rb3+ Ka7 38. Rf3 Rb8 39. a4 Rxb3 40.
Rxb3 d4 41. Ka3 d3 0-1

[Event "Early-Titled-Tuesday-Blitz-October-03-2023"]
[Site "Chess.com"]
[Date "2023.10.03"]
[Round "3"]
[White "Hrant_ChessMood"]
[Black "Frolyanov_D"]
[Result "1-0"]
[WhiteElo "2916"]
[BlackElo "2671"]
[TimeControl "180+1"]
[EndTime "8:28:47 PDT"]
[Termination "Hrant_ChessMood won on time"]

1. d4 d5 2. c4 e6 3. Nc3 c6 4.
e3 Bd6 5. Nf3 f5 6. Be2 Nf6 7. Ne5 O-O 8. f4 b6 9. O-O Bb7 10. b3 Nbd7 11. Bb2 Qe7 12. Bf3 Ne4 13.
Nxe4 dxe4 14. Be2 Nxe5 15. fxe5 Bc7 16. c5 bxc5 17. Ba3 Qg5 18. Bxc5 Qxe3+ 19. Kh1 f4 20.
Bc4 f3 21. Bxe6+ Kh8 22. Qc2 Ba6 23. Bc4 Bxc4 24. bxc4 f2 25. Bxf8 Rxf8 26. Rad1 Qf4 27. Qe2 e3 28. Rd3 c5 29. Rxe3 Qxd4 30. e6 Qd6 31. g3 Qc6+ 32. Re4 Bd8 33. h4 Be7 34.
Kh2 Rf6 35. Re3 h6 36. Rxf2 1-0

[Event "Early-Titled-Tuesday-Blitz-October-03-2023"]
[Site "Chess.com"]
[Date "2023.10.03"]
[Round "3"]
[White "sonicdravise"]
[Black "ChessLover0108"]
[Result "0-1"]
[WhiteElo "2658"]
[BlackElo "2914"]
[TimeControl "180+1"]
[EndTime "8:28:47 PDT"]
[Termination "ChessLover0108 won by checkmate"]

1. d4 Nf6 2. c4 g6 3. Nc3 Bg7 4. e4 O-O 5. Nf3 d6 6. Be2 e5 7.
O-O Bg4 8. Be3 Bxf3 9. Bxf3 Nc6 10. d5 Nd4 11. Bxd4 exd4 12. Qxd4 Re8 13. Qd2 Nd7 14. Rfe1 a5 15. Rad1 Nc5 16. Qc2 Qf6 17. Nb5 Re7 18. b3 Rae8 19. Re3 h5 20. Rde1 h4 21. Qe2 Bh6 22. Rd3 Nxd3 23. Qxd3 Bg7 24. g3 h3 25. Rd1 Qb2 26. Bg4 Rxe4 27. Bxh3 Qxa2 28. Nxc7 Rd4 29. Qb1 Rxd1+ 30. Qxd1 Re2 31. Qf1 Bd4 32. Nb5 Bxf2+ 33. Kh1 Re1 34. Kg2 Bc5+ 35. Kf3 Rxf1+ 36. Bxf1 Qf2+ 37. Kg4 Qxf1 38. Kh4 Qe2 39. h3 Qh5# 0-1

[Event "Early-Titled-Tuesday-Blitz-October-03-2023"]
[Site "Chess.com"]
[Date "2023.10.03"]
[Round "3"]
[White "Firouzja2003"]
[Black "ChessQueen"]
[Result "1-0"]
[WhiteElo "3112"]
[BlackElo "2736"]
[TimeControl "180+1"]
[EndTime "8:28:48 PDT"]
[Termination "Firouzja2003 won by resignation"]

1. d4 Nf6 2. Bg5 d5 3. e3 c5 4. Bxf6 gxf6 5. dxc5 Bg7 6. Nd2 f5 7. c3 Nd7 8. Qa4 O-O 9. Nb3 Qc7 10. Qa3 Rd8 11. Nf3 e6 12. Bb5 Bf8 13. Bxd7 Bxd7 14. O-O a5 15. Nbd4 Bxc5 16. Qb3 e5 17. Ne2 Be6 18. Qa4 Kh8 19. Qh4 Be7 20. Qh5 Rg8 21.
Ng3 f4 22. exf4 exf4 23. Nf5 Bf6 24. Rfe1 Ra6 25. h3 Qd8 26. N5d4 Rg6 27. Ne5 Bxe5 28.
Qxe5+ Qf6 29. Qxf6+ Rxf6 30. Re5 Rb6 31. b3 Kg7 32. Rae1 Rg6 33. Kh2 Rf6 34. f3 Rg6 35. Rh5 h6 36. Ree5 Kf6 37. Re1 Kg7 38. Rh4 Rf6 39. Rd1 a4 40. b4 Ra6 41. a3 Ra8 42. Ne2 Rc8 43. Nxf4 Rf5 44. Rd3 Rc4 45.
Nxe6+ fxe6 46. Rxc4 dxc4 47. Rd7+ Kg6 48. Rxb7 Rd5 49.
Rc7 1-0

[Event "Early-Titled-Tuesday-Blitz-October-03-2023"]
[Site "Chess.com"]
[Date "2023.10.03"]
[Round "3"]
[White "Verony64"]
[Black "Shuvalov"]
[Result "0-1"]
[WhiteElo "2240"]
[BlackElo "2454"]
[TimeControl "180+1"]
[EndTime "8:28:50 PDT"]
[Termination "Shuvalov won on time"]

1. e4 e6 2. Nc3 d5 3. e5 c5 4. d3 Nc6 5. f4 Nh6 6. Nf3 Nf5 7. g3 Be7 8. Bg2 h5 9. O-O h4 10. g4 h3 11. Bh1 Nh4 12. g5 Nf5 13. Qe2 b6 14.
Bd2 Bb7 15. Nd1 d4 16. c4 Qd7 17. Nf2 Bf8 18. Ne4 Nce7 19. Rf2 Ng6 20. Raf1 Be7 21. Ne1 Bc6 22. Nc2 a5 23. b3 Qb7 24. a4 O-O-O 25.
Na3 f6 26. exf6 gxf6 27. Nb5 Rdg8 28. Qf3 Kb8 29. Qe2 fxg5 30. fxg5 Ngh4 31. Qg4 Rg6 32.
Bf4+ Kc8 33. Bg3 Bxg5 34. Nxg5 Bxh1 35. Rxf5 Nxf5 36. Be5 Rhg8 37. Rxf5 Qg2+ 38. Qxg2 Bxg2 39.
Nd6+ Kd7 40. Rf7+ Kc6 0-1

[Event "Early-Titled-Tuesday-Blitz-October-03-2023"]
[Site "Chess.com"]
[Date "2023.10.03"]
[Round "3"]
[White "ExchangeAB"]
[Black "MightyGMpretender"]
[Result "0-1"]
[WhiteElo "2503"]
[BlackElo "2807"]
[TimeControl "180+1"]
[EndTime "8:28:52 PDT"]
[Termination "MightyGMpretender won by resignation"]

1. d4 g6 2. e4 Bg7 3. Nc3 a6 4. a4 d6 5. Nf3 Nc6 6. h3 Nf6 7.
Be3 O-O 8. Qd2 Bd7 9. Be2 e5 10.
dxe5 Nxe5 11. Nxe5 dxe5 12. O-O Bc6 13. Qxd8 Raxd8 14. f3 Nh5 15. Rfd1 Nf4 16. Bf1 h5 17. g3 Ne6 18. Ne2 f5 19. Bg2 Bf6 20. c3 h4 21.
g4 fxe4 22. fxe4 Bg5 23. Bf2 Rxd1+ 24. Rxd1 Bxa4 25. Rd5 Bf6 26. b4 Bc6 27. Rd2 Ng5 28. Bc5 Rd8 29. Rxd8+ Bxd8 30. Bf2 Nxe4 31. Be1 Kf7 32.
c4 Ke6 33. b5 axb5 34. cxb5 Bd5 35. Ba5 b6 36. Bb4 c5 37. bxc6 Bxc6 38. Nc3 Nxc3 39. Bxc6 Nd5 40. Be1 e4 41. Kf2 Ke5 42. Ke2 Be7 43.
Be8 Nf4+ 44. Kf1 e3 45. Bc3+ Ke4 46. Ke1 Kf3 47. Bc6+ Kg3 48. Be5 g5 49. Bxf4+ gxf4 50. g5 Kxh3 51. g6 Bf6 52. Ke2 Kg3 53. Bh1 h3 54.
Bc6 Bg7 55. Bh1 h2 56. Bd5 b5 57. Bh1 b4 0-1

[Event "Early-Titled-Tuesday-Blitz-October-03-2023"]
[Site "Chess.com"]
[Date "2023.10.03"]
[Round "3"]
[White "ViktoriyaTarasova"]
[Black "Doomfist26"]
[Result "0-1"]
[WhiteElo "2379"]
[BlackElo "2582"]
[TimeControl "180+1"]
[EndTime "8:28:53 PDT"]
[Termination "Doomfist26 won by resignation"]

1. d4 Nf6 2. c4 g6 3. Nc3 Bg7 4. e4 d6 5. h3 O-O 6. Be3 e5 7.
d5 a5 8. g4 Na6 9. Be2 Nc5 10.
Qc2 c6 11. O-O-O cxd5 12. Nxd5 Nxd5 13. Rxd5 Be6 14. Rd1 Qc7 15. Nf3 a4 16. Kb1 f5 17.
Ng5 Bd7 18. Qd2 h6 19. Qxd6 Qxd6 20. Rxd6 hxg5 21. Bxc5 Bc6 22. Rxc6 bxc6 23. Bxf8 Rxf8 24. gxf5 gxf5 25. exf5 Rxf5 26. Rf1 e4 27. Kc2 c5 28. Bg4 Rf4 29. b3 a3 30. Be2 Rf8 31. f3 e3 32.
Bd3 Be5 33. Kd1 Kg7 34. Ke2 Bf4 35. Rg1 Kf6 36. Rg4 Rh8 37. h4 Rxh4 38. Rxh4 gxh4 39. Kf1 h3 40. Kg1 Ke5 41. Bc2 e2 42. Kf2 h2 0-1

[Event "Early-Titled-Tuesday-Blitz-October-03-2023"]
[Site "Chess.com"]
[Date "2023.10.03"]
[Round "3"]
[White "RichardLeyvaP"]
[Black "ChessicallyInclined"]
[Result "1-0"]
[WhiteElo "2594"]
[BlackElo "2793"]
[TimeControl "180+1"]
[EndTime "8:28:55 PDT"]
[Termination "RichardLeyvaP won by checkmate"]

1. e4 c5 2. Nf3 d6 3. d4 cxd4 4.
Nxd4 Nf6 5. Nc3 Nc6 6. Bg5 e6 7.
Qd2 a6 8. Nb3 Bd7 9. f3 Qc7 10.
O-O-O b5 11. Kb1 b4 12. Ne2 a5 13. Nbd4 Ne5 14. Nc1 Rb8 15. Bxf6 gxf6 16. f4 Nc4 17.
Bxc4 Qxc4 18. Rhe1 a4 19. Qf2 Bg7 20. Qg3 O-O 21.
Qd3 Qc5 22. f5 Rfc8 23. Re3 e5 24. Nde2 d5 25. Rg3 Kh8 26. exd5 Bb5 27. Qd2 Bd7 28. Rf1 b3 29. axb3 axb3 30. Rxb3 Rxb3 31. Nxb3 Qc4 32. Ng3 Bh6 33. Qe2 Qa4 34. Qh5 Bg5 35. Qxf7 Bb5 36. Nh5 Rg8 37. Nxf6 Bxf6 38. Qxf6+ Rg7 39. Re1 Qc4 40.
Qxe5 Qb4 41. f6 Rf7 42. d6 Rf8 43. f7# 1-0

[Event "Early-Titled-Tuesday-Blitz-October-03-2023"]
[Site "Chess.com"]
[Date "2023.10.03"]
[Round "3"]
[White "NLLO777"]
[Black "Mikhail_Golubev"]
[Result "0-1"]
[WhiteElo "2396"]
[BlackElo "2600"]
[TimeControl "180+1"]
[EndTime "8:28:55 PDT"]
[Termination "Mikhail_Golubev won by resignation"]

1. d4 Nf6 2. c4 g6 3. Nf3 Bg7 4. g3 O-O 5. Bg2 d6 6. O-O Nbd7 7. Nc3 e5 8. e4 c6 9. h3 Qb6 10. c5 dxc5 11. dxe5 Ne8 12. e6 fxe6 13. Ng5 Ne5 14. f4 c4+ 15. Kh2 Nd3 16. e5 Nc7 17. Qe2 Nd5 18.
Nce4 h6 19. Nf3 Bd7 20. a4 g5 21. a5 Nxc1 22. Rfxc1 Qe3 23. Qxe3 Nxe3 24. fxg5 hxg5 25. Nexg5 Rf5 26. Re1 Nxg2 27. Kxg2 c5 28. Ne4 Bc6 29. Rac1 Raf8 30. Rc3 Bxe5 31. Nxe5 Rxe5 32. Rxc4 b5 33. axb6 axb6 34. Kg1 Bd5 35. Ra4 b5 36. Nf6+ Rxf6 37. Rxe5 bxa4 38. Re3 Rf7 39. Rc3 c4 40. Ra3 Rb7 41.
Rxa4 Rxb2 42. h4 Rg2+ 43. Kf1 Rxg3 44. Ra5 Rh3 45. Rxd5 exd5 0-1

[Event "Early-Titled-Tuesday-Blitz-October-03-2023"]
[Site "Chess.com"]
[Date "2023.10.03"]
[Round "3"]
[White "JAN2404"]
[Black "carloseduar100"]
[Result "0-1"]
[WhiteElo "2061"]
[BlackElo "2315"]
[TimeControl "180+1"]
[EndTime "8:28:55 PDT"]
[Termination "carloseduar100 won by resignation"]

1. e4 e6 2. Nc3 d5 3. exd5 exd5 4.
d4 Bf5 5. Nf3 c6 6. Bd3 Bxd3 7.
Qxd3 Bd6 8. O-O Ne7 9. Re1 h6 10. Ne5 Bxe5 11. dxe5 O-O 12. Be3 Nd7 13. f4 Ng6 14. e6 Nf6 15. exf7+ Kxf7 16. Bc5 Re8 17. Qf5 Qd7 18. Qd3 Nxf4 19. Qf3 Qg4 20. Rxe8 Rxe8 21. Rf1 Qxf3 22. Rxf3 Ne2+ 23. Kf2 Nxc3 24. bxc3 b6 25. Be3 Ke6 26. h3 g5 27. Bd4 Nd7 28. Re3+ Kf7 29. Rf3+ Kg6 30. g4 Rf8 31. a4 Rxf3+ 32. Kxf3 a5 33. Kg3 b5 34. axb5 cxb5 35. Kf2 a4 36. Ke3 a3 37. c4 bxc4 38. Ba1 a2 39. Kd4 Nb6 40. Kc5 Na4+ 41. Kxd5 c3 42. Kc4 Kf6 43.
Kb3 Nc5+ 44. Kxa2 Ne4 45. Kb3 Nf2 46. Bxc3+ Kg6 47. Be1 Nxh3 48. c4 Nf4 49. Kc3 Kf6 50.
Bg3 Ne2+ 51. Kd3 Nxg3 52. Ke3 Ke5 53. c5 Kd5 54. c6 Kxc6 55. Kf3 Nf1 56. Kf2 Nd2 57. Kg2 Kd6 58. Kg3 Ke5 59. Kg2 Ke4 60.
Kh3 0-1

[Event "Early-Titled-Tuesday-Blitz-October-03-2023"]
[Site "Chess.com"]
[Date "2023.10.03"]
[Round "3"]
[White "chessprincesa1"]
[Black "Gyulamiryan-koryun"]
[Result "1-0"]
[WhiteElo "2302"]
[BlackElo "1989"]
[TimeControl "180+1"]
[EndTime "8:28:57 PDT"]
[Termination "chessprincesa1 won on time"]

1. d4 Nf6 2. c4 c5 3. d5 b5 4. Qc2 d6 5. e4 g6 6. Nf3 Bg7 7. cxb5 a6 8. Nc3 O-O 9. Be2 Qa5 10. Bd2 axb5 11. Nxb5 Qb6 12. O-O Nbd7 13. a4 Ba6 14. Rfe1 Bxb5 15. Bxb5 Ra7 16. Bc3 Ng4 17. Rad1 Nge5 18. Nxe5 Nxe5 19. f4 c4+ 20. Kh1 Nd3 21.
Re2 Bxc3 22. bxc3 Nxf4 23. Red2 Qe3 24. Rd4 Nd3 25. Rf1 Ne5 26. Qf2 Qxf2 27. Rxf2 Rb8 28.
h3 f6 29. Ra2 Rba8 30. Kg1 Kg7 31. Kf2 Nd3+ 32. Ke3 Nc5 33. Rxc4 Rb8 34. Rb2 Nxa4 35. Ra2 Rba8 36. Rcxa4 Rxa4 37. Rxa4 Rb8 38. c4 Rb7 39. Bc6 Rc7 40. Rb4 1-0

[Event "Early-Titled-Tuesday-Blitz-October-03-2023"]
[Site "Chess.com"]
[Date "2023.10.03"]
[Round "3"]
[White "andrzej"]
[Black "FMVolodymyrSakun"]
[Result "0-1"]
[WhiteElo "2467"]
[BlackElo "2663"]
[TimeControl "180+1"]
[EndTime "8:28:58 PDT"]
[Termination "FMVolodymyrSakun won on time"]

1. e4 c5 2. Nf3 g6 3. d4 cxd4 4. Nxd4 Bg7 5. c4 Nc6 6. Be3 Qb6 7. Nb3 Qd8 8. Qd2 Nf6 9. Nc3 O-O 10. Be2 d6 11. O-O Be6 12. Rfd1 Rc8 13. c5 Bxb3 14.
axb3 dxc5 15. Bxc5 Qxd2 16. Rxd2 Rfd8 17. Rad1 Rxd2 18.
Rxd2 Bh6 19. Rd1 b6 20. Ba3 e5 21. Nd5 Nxe4 22. Ba6 Rb8 23. f3 Nc5 24. Bb5 Nd4 25.
Bc4 b5 26. Bxc5 bxc4 27. Bd6 Rxb3 28. Bxe5 Ne6 29. Nf6+ Kf8 30. Kf2 Be3+ 31. Ke2 Nf4+ 32. Kf1 Nd3 33. Bc3 h5 34. Nd5 Bc5 35. Nc7 Nxb2 36. Nd5 Na4 37. Bf6 c3 0-1

[Event "Early-Titled-Tuesday-Blitz-October-03-2023"]
[Site "Chess.com"]
[Date "2023.10.03"]
[Round "3"]
[White "JoakimVonAnd"]
[Black "dropstoneDP"]
[Result "0-1"]
[WhiteElo "2749"]
[BlackElo "3123"]
[TimeControl "180+1"]
[EndTime "8:28:59 PDT"]
[Termination "dropstoneDP won by resignation"]

1. d4 Nf6 2. Nf3 d5 3. Bf4 c5 4. e3 Nc6 5. Nbd2 Qb6 6. dxc5 Qxb2 7. Rb1 Qc3 8. Bb5 e6 9. O-O Be7 10. e4 O-O 11. e5 Nd7 12. Nb3 Qb4 13. Nbd4 Qxc5 14. Bd3 Nxd4 15. Nxd4 g6 16. Nf3 Qc7 17.
h4 f6 18. exf6 Qxf4 19. fxe7 Re8 20. h5 Rxe7 21. hxg6 hxg6 22. Re1 e5 23. Bxg6 Nf6 24. g3 Qh6 25. Nxe5 Rxe5 26. Rxe5 Qxg6 27. Rb4 Bf5 28. Qf3 Be4 29. Qf4 Nh7 30. Rxb7 Rf8 31. Qh4 Qf6 32. Qxf6 Rxf6 33. c4 Bf3 34. cxd5 Rh6 35. Rb8+ Kg7 36. Rg5+ Nxg5 37. Rb7+ Kf6 0-1

[Event "Early-Titled-Tuesday-Blitz-October-03-2023"]
[Site "Chess.com"]
[Date "2023.10.03"]
[Round "3"]
[White "astralpulse"]
[Black "KuzubovYuriy"]
[Result "1-0"]
[WhiteElo "2701"]
[BlackElo "2903"]
[TimeControl "180+1"]
[EndTime "8:28:59 PDT"]
[Termination "astralpulse won on time"]

1. d4 g6 2. e4 Bg7 3. Nf3 d6 4. c3 Nf6 5. Bb5+ Bd7 6. Qe2 O-O 7. Bxd7 Qxd7 8. O-O Nc6 9. d5 Nb8 10. c4 e5 11. Nc3 Nh5 12. g3 Na6 13. Be3 Rae8 14. Ne1 f5 15. exf5 Nf4 16. Qc2 Rxf5 17. Ne4 Nb4 18. Qd2 Rh5 19. f3 g5 20. a3 Na6 21.
b4 Qh3 22. Ra2 Rf8 23. gxf4 gxf4 24. Bxa7 Ra8 25. b5 Rxa7 26. bxa6 Rxa6 27. Qg2 Qf5 28. Qg4 Qf7 29. Ng5 Qe8 30. Qe6+ Kf8 31. Qxe8+ Kxe8 32. Ne6 Bh6 33. Nxc7+ Kd7 34. Nxa6 bxa6 35. Nd3 e4 36. fxe4 Rh3 37. Nf2 Rc3 38. Rb1 Bg7 39. Rab2 Bd4 40. Kg2 f3+ 41. Kg3 Be5+ 42. Kg4 h5+ 43. Kf5 Rxc4 44.
Rb7+ 1-0

[Event "Early-Titled-Tuesday-Blitz-October-03-2023"]
[Site "Chess.com"]
[Date "2023.10.03"]
[Round "3"]
[White "ural58"]
[Black "FM_Kappeler"]
[Result "0-1"]
[WhiteElo "2510"]
[BlackElo "2340"]
[TimeControl "180+1"]
[EndTime "8:28:59 PDT"]
[Termination "FM_Kappeler won on time"]

1. e4 c5 2. b3 e6 3. Nf3 a6 4. Bb2 Nc6 5. c4 Qc7 6. d4 cxd4 7. Nxd4 Qe5 8. Be2 Bb4+ 9. Kf1 Nf6 10. Nxc6 Qxb2 11. Nxb4 Qxa1 12. Bd3 O-O 13. Ke2 a5 14. Nc2 Qxa2 15. Nd2 d5 16. cxd5 exd5 17. e5 Ne4 18.
Nxe4 dxe4 19. Bxe4 Qxb3 20. Qa1 Be6 21. Rb1 Qc4+ 22.
Bd3 Qg4+ 23. Kf1 Rad8 24. Be2 Bc4 25. f3 Bxe2+ 26. Kf2 Qc4 27. Ne3 Qd3 28. Rxb7 Bd1 29. Ng4 Qe2+ 30. Kg3 Qe1+ 31. Kh3 Rd3 32. e6 Qxe6 33.
Kg3 Qd6+ 34. Kh3 a4 0-1

[Event "Early-Titled-Tuesday-Blitz-October-03-2023"]
[Site "Chess.com"]
[Date "2023.10.03"]
[Round "3"]
[White "Mr_ruthless"]
[Black "Alexchess1984"]
[Result "1-0"]
[WhiteElo "2493"]
[BlackElo "2709"]
[TimeControl "180+1"]
[EndTime "8:29:00 PDT"]
[Termination "Mr_ruthless won by resignation"]

1. e4 c5 2. Nf3 d6 3. d4 cxd4 4. Nxd4 Nf6 5. f3 g6 6. c4 Nc6 7.
Nc3 Nxd4 8. Qxd4 Bg7 9. Be3 O-O 10. Qd2 Be6 11. Rc1 Qa5 12. Bd3 Rfc8 13. b3 a6 14. Ne2 Qd8 15. O-O a5 16. Nd4 Bd7 17. a4 Bc6 18. Nb5 Nd7 19. Bc2 Nc5 20. Rcd1 b6 21.
Rfe1 Qd7 22. Bf2 Qb7 23. h4 h5 24. Bd4 Bxb5 25. Bxg7 Kxg7 26. axb5 Ne6 27. e5 Qc7 28.
exd6 exd6 29. Qxd6 a4 30. bxa4 Qxc4 31. Qe5+ Kg8 32.
Bxg6 Rxa4 33. Bxh5 Rc5 34. Bxf7+ Kxf7 35. Rd7+ Ke8 36.
Qd6 Qd4+ 37. Qxd4 Rxd4 38. Rxd4 Kf7 39. Rd7+ Ke8 40. Rd6 Rxb5 41. Rexe6+ Kf7 42. Rxb6 Rc5 43. Kh2 Kg7 44. Rec6 Rd5 45. Rb7+ Rd7 46. Rxd7+ 1-0

[Event "Early-Titled-Tuesday-Blitz-October-03-2023"]
[Site "Chess.com"]
[Date "2023.10.03"]
[Round "3"]
[White "GianmarcoVaR"]
[Black "ShiroglanTalibov"]
[Result "0-1"]
[WhiteElo "2653"]
[BlackElo "2893"]
[TimeControl "180+1"]
[EndTime "8:29:01 PDT"]
[Termination "ShiroglanTalibov won on time"]

1. e4 c5 2. Nf3 Nc6 3. Bb5 g6 4. O-O Bg7 5. Re1 e5 6. c3 Nge7 7. d4 cxd4 8. cxd4 exd4 9. Bf4 O-O 10. Bd6 Re8 11. Nbd2 a6 12. Bf1 b5 13. Nb3 Bb7 14.
Nc5 Ra7 15. Nxb7 Rxb7 16. Rc1 Nc8 17. Bc5 Qf6 18. a4 d6 19. Ba3 N8e7 20. b3 g5 21. h3 h5 22. Nd2 Qg6 23. Be2 g4 24. hxg4 hxg4 25. Bxg4 d3 26. Bf5 Qh6 27. Nf3 b4 28. Rxc6 Nxc6 29. Bc1 Qh5 30. Qxd3 Ne5 31. Nxe5 Bxe5 32.
g3 Rc7 33. Bd2 Kg7 34. Qf1 Rh8 35. Qg2 Rc2 36. Bf4 Bd4 37. Rf1 Rxf2 38. Rxf2 Qd1+ 39. Qf1 Bxf2+ 40. Kxf2 Rh2+ 41. Kg1 Rh1+ 42. Kxh1 Qxf1+ 43. Kh2 Qe2+ 44. Kh3 Qh5+ 45. Kg2 Qd1 46. Kh3 Qxb3 47.
Bxd6 Qxa4 48. Be5+ f6 49. Bd4 Qc2 50. Kh4 Qd3 0-1